 Dungeon Crawl Stone Soup version 0.16-a0-4023-g001212b (console) character file.

4157 Monkaria the Carver (level 10, -7/81 HPs)
             Began as a Minotaur Chaos Knight on Feb 18, 2015.
             Killed by divine providence
             ... invoked by a smoke demon
              (12 damage)
             ... on level 1 of the Abyss.
             The game lasted 00:28:06 (6873 turns).

Monkaria the Carver (Minotaur Chaos Knight)         Turns: 6873, Time: 00:28:06

Health: -7/81      AC: 19    Str: 23      XL:     10   Next: 7%
Magic:  3/3        EV: 10    Int:  9      God:    Xom [......]
Gold:   468        SH:  0    Dex: 10 (11) Spells: 0 memorised, 9 levels left

rFire  . . .     SeeInvis +     H - +1 falchion (chaos)
rCold  . . .     Clarity  .     i - +5 scale mail of Weirdness {MR- rCorr Str+6}
rNeg   . . .     SustAb   .     (no shield)
rPois  .         Gourm    .     (helmet unavailable)
rElec  .         Spirit   .     A - +1 cloak
rCorr  +         Warding  .     (no gloves)
rMut   .         Stasis   .     G - +0 pair of boots
MR     .....                    (no amulet)
Stlth  ..........               (no ring)
                                O - ring of see invisible

@: confused, not resistant to hostile enchantments, extremely unstealthy
A: retaliatory headbutt, horns 3, low mp 1, magic resistance 1, sense
surroundings 1, screaming 1, shaggy fur 1, weak 1
a: Renounce Religion


You were on level 1 of the Abyss.
You worshipped Xom.
You were a very special plaything of Xom.
You were hungry.

You visited 2 branches of the dungeon, and saw 9 of its levels.
You visited the Abyss 1 time.
You also visited: Sewer.

You collected 468 gold pieces.

Inventory:

Hand weapons
 a - a +0 whip
 H - a +1 falchion of chaos (weapon)
 I - a +0 blowgun
 N - a +0 long sword
 T - a +1 vampiric short sword
 Z - a +2 rapier of flaming
Missiles
 J - 26 poisoned needles
 W - 5 curare-tipped needles
Armour
 i - the +5 scale mail of Weirdness (worn) {MR- rCorr Str+6}
   (You found it on level 5 of the Dungeon)

   It affects your strength (+6).
   It affects your resistance to hostile enchantments.
   It protects you from acid and corrosion.
 A - a +1 cloak (worn)
 G - a +0 pair of boots (worn)
 P - the +2 ring mail of Watchfulness {rF++ Dex-4}
   (You found it on level 6 of the Dungeon)

   It affects your dexterity (-4).
   It greatly protects you from fire.
Jewellery
 y - an uncursed amulet of resist mutation
 D - an uncursed ring of ice
 O - a ring of see invisible (left hand)
Magical devices
 K - a wand of digging (9)
 Q - a wand of draining (7)
 U - a wand of polymorph (12)
 X - a wand of frost (29)
Scrolls
 d - a scroll of fog
 e - 4 scrolls of magic mapping
 s - 4 scrolls of random uselessness
 u - 2 scrolls of immolation
 B - 6 scrolls of remove curse {unknown}
 E - 2 scrolls of teleportation {unknown}
 F - 2 scrolls of recharging {unknown}
 R - 2 scrolls of identify
 V - 2 scrolls of silence {unknown}
Potions
 f - a potion of agility
 g - 2 potions of might
 h - 3 potions of curing
 j - a potion of brilliance
 k - a potion of cancellation
 l - a potion of magic
 o - a potion of ambrosia
 p - a potion of invisibility
 q - a potion of flight
 t - 2 potions of heal wounds
 v - a potion of resistance
 z - a potion of haste
 M - 3 potions of restore abilities {unknown}
 Y - a potion of lignification {unknown}
Comestibles
 b - a beef jerky
 c - 5 bread rations
 r - a royal jelly
 w - a slice of pizza
 C - 11 fruits
 L - 4 meat rations


   Skills:
 - Level 5.2 Fighting
 + Level 13.1 Long Blades
 - Level 11.0 Armour
 - Level 1.1 Dodging


You had 9 spell levels left.
You didn't know any spells.

Dungeon Overview and Level Annotations

Branches:
Dungeon (8/15)             Temple (1/1) D:6
   Lair: D:8-11

Altars:
Ashenzari
Cheibriados
Dithmenos
Elyvilon
Fedhas
Gozag
Kikubaaqudgha
Makhleb
Nemelex Xobeh
Okawaru
Qazlal
Ru
Sif Muna
Trog
Vehumet
Xom
Yredelemnul
Zin
The Shining One


Innate Abilities, Weirdness & Mutations

You reflexively headbutt those who attack you in melee.
You have a pair of large horns on your head.
Your magical capacity is low (-10% MP).
You are resistant to hostile enchantments.
You passively map a small area around you.
You occasionally shout uncontrollably at your foes.
You are covered in fur (AC +1).
You are weak. (Str -2)


Message History

You blink.
As you read the scroll labeled KAEC BALURAMOB, it crumbles to dust.
It was a scroll of blinking.
The smoke demon roars!
The smoke demon gestures at you. Something smites you!
* * * LOW HITPOINT WARNING * * *
Found 28 gold pieces.
Found a gateway leading deeper into the Abyss.
The smoke demon gestures at you. Something smites you!
* * * LOW HITPOINT WARNING * * *
The large abomination hits you.
* * * LOW HITPOINT WARNING * * *
Xom's power touches on your mind for a moment.
You are confused.
The smoke demon gestures at you. Something smites you!
You die...
Xom bursts into laughter!

# ### .. #. # ##§####..
.. ##.# ##..#.....#.# #
.§# . ###..##.... ..#..
...#..#.#.#....##.#.# D
.##.##.#.##......##
..... ##§#..###.......#
#.... #.#.##3DX.@...#
#.......#......#$.#....#
. .#.#...#..##..## ##. .
.##..#...#...... ...#
####..#.##.#### ..# .3
#...#..... .. .#.
.......#.. ...# .
...##.###. #. #.. #


You could see a bone dragon (invisible), a large abomination (inner flame) and a
smoke demon (invisible).

Vanquished Creatures
  A hog (D:4)
  A human (shapeshifter) (D:6)
  A hippogriff (D:7)
  A hungry ghost (Abyss:1)
  A sky beast (D:6)
  An orc warrior (D:6)
  A deep dwarf (D:7)
  An ogre (D:6)
  A phantom (D:7)
  A necrophage (D:7)
  An ogre (shapeshifter) (D:7)
  A tengu (shapeshifter) (Sewer)
  4 centaurs
  A centaur (shapeshifter) (D:2)
  Sigmund (D:6)
  Duvessa (D:7)
  3 giant frogs
  A wyvern zombie (D:5)
  9 scorpions
  An electric eel (Sewer)
  Dowan (D:7)
  3 crimson imps
  2 centaur skeletons (D:7)
  3 hounds
  An iron imp (D:7)
  3 goliath beetles
  4 quasits
  4 worker ants
  A giant frog skeleton (D:5)
  2 iguanas (D:5)
  5 orc priests
  5 orc wizards (D:6)
  A hound zombie (D:6)
  2 hound skeletons
  A worker ant zombie (D:5)
  4 gnolls (D:5)
  15 adders
  2 giant mites
  A shadow imp (D:7)
  7 worms
  2 ufetubi
  2 adder skeletons
  5 giant geckos
  6 oozes
  18 orcs
  30 bats
  A bat skeleton (D:6)
  8 giant cockroaches
  9 hobgoblins
  8 jackals
  4 quokkas
  2 ball pythons (Sewer)
  A giant gecko zombie (D:6)
  14 giant newts
  10 goblins
  A jackal skeleton (D:5)
  A jackal zombie (D:7)
  14 kobolds
  11 rats
  A ballistomycete (D:7)
248 creatures vanquished.

Vanquished Creatures (others)
  An ugly thing (D:6)
  An ufetubus (D:4)
  2 giant spores
4 creatures vanquished.

Grand Total: 252 creatures vanquished

Notes
Turn   | Place    | Note
--------------------------------------------------------------
     0 | D:1      | Monkaria, the Minotaur Chaos Knight, began the quest for the Orb.
     0 | D:1      | Reached XP level 1. HP: 19/19 MP: 1/1
    62 | D:1      | Reached skill level 4 in Fighting
    73 | D:1      | XOM: potion effect (heal wounds)
   124 | D:1      | XOM: divination: magic mapping
   138 | D:1      | Reached XP level 2. HP: 25/28 MP: 1/1
   197 | D:1      | XOM: 5-stop teleportation journey
   250 | D:1      | XOM: noise
   441 | D:2      | Reached skill level 5 in Fighting
   444 | D:2      | Reached XP level 3. HP: 31/36 MP: 2/2
   516 | D:2      | Noticed a centaur
   516 | D:2      | a worm changed into a centaur
   516 | D:2      | Killed a centaur
   516 | D:2      | Reached skill level 5 in Long Blades
   516 | D:2      | Reached XP level 4. HP: 42/42 MP: 2/2
   520 | D:2      | Gained mutation: You are dopey. (Int -2) [mutagenic meat]
   521 | D:2      | Gained mutation: You have large cloven feet. [mutagenic meat]
   522 | D:2      | Lost mutation: You have large cloven feet. [mutagenic meat]
   584 | D:2      | Reached XP level 5. HP: 46/48 MP: 2/2
   621 | D:2      | XOM: colour smoke trail
   632 | D:2      | Reached skill level 6 in Long Blades
   765 | D:2      | XOM: summons 4 hostile shadow creatures
  1010 | D:3      | XOM: torment (18/48 hp)
  1222 | D:3      | XOM: harmless Fire miscast
  1239 | D:3      | Reached skill level 7 in Long Blades
  1343 | D:3      | XOM: mild Fire miscast
  1344 | D:3      | Noticed a fire vortex
  1458 | D:4      | Reached XP level 6. HP: 56/56 MP: 3/3
  1521 | D:4      | Found a basalt altar of Yredelemnul.
  1584 | D:4      | Found a glowing drain.
  1603 | Sewer    | Entered a sewer
  1691 | Sewer    | XOM: polymorph giant gecko -> electric eel
  1782 | Sewer    | XOM: draining
  1915 | Sewer    | XOM: draining
  2118 | Sewer    | XOM: 2-stop teleportation journey
  2242 | Sewer    | XOM: fog
  2255 | Sewer    | Reached skill level 8 in Long Blades
  2261 | Sewer    | Gained mutation: Your natural rate of healing is unusually fast. [mutagenic meat]
  2262 | Sewer    | Lost mutation: Your natural rate of healing is unusually fast. [mutagenic meat]
  2263 | Sewer    | Gained mutation: You have a pair of large horns on your head. [mutagenic meat]
  2400 | D:4      | XOM: enchant monster (good)
  2516 | D:4      | Reached XP level 7. HP: 56/61 MP: 3/3
  2542 | D:4      | Noticed a centaur
  2544 | D:4      | Noticed an ogre
  2551 | D:4      | XOM: 2-stop teleportation journey
  2557 | D:4      | Killed a centaur
  2557 | D:4      | Reached skill level 9 in Long Blades
  2666 | D:4      | XOM: mild Hex miscast
  2883 | D:4      | Noticed a hog
  2883 | D:4      | an ogre changed into a hog
  2883 | D:4      | XOM: summons friendly ufetubus
  2884 | D:4      | XOM: confusion
  2886 | D:4      | XOM: smoke on damage
  2889 | D:4      | XOM: polymorph ufetubus -> ufetubus
  2896 | D:4      | Killed a hog
  2896 | D:4      | Reached skill level 10 in Long Blades
  3059 | D:5      | Entered Level 5 of the Dungeon
  3061 | D:5      | XOM: confuse monster(s)
  3131 | D:5      | Found a sparkling altar of Nemelex Xobeh.
  3154 | D:5      | Got a transparent scale mail
  3165 | D:5      | Identified the +5 scale mail of Weirdness {MR- rCorr Str+6} (You found it on level 5 of the Dungeon)
  3640 | D:5      | Reached XP level 8. HP: 68/68 MP: 3/3
  3648 | D:5      | Reached skill level 5 in Armour
  3906 | D:5      | XOM: noise
  4125 | D:5      | Found a shadowy altar of Dithmenos.
  4264 | D:6      | Found a deep blue altar of Sif Muna.
  4322 | D:6      | XOM: harmless Hex miscast
  4416 | D:6      | Gained mutation: You passively map a small area around you. [mutagenic meat]
  4416 | D:6      | XOM: mild Hex miscast
  4417 | D:6      | Gained mutation: You occasionally shout uncontrollably at your foes. [mutagenic meat]
  4474 | D:6      | XOM: give mutations
  4474 | D:6      | Lost mutation: You are dopey. (Int -2) [Xom's mischief]
  4474 | D:6      | Gained mutation: You are dopey. (Int -2) [Xom's mischief]
  4474 | D:6      | Gained mutation: You are weak. (Str -2) [Xom's mischief]
  4491 | D:6      | Noticed a white ugly thing
  4499 | D:6      | XOM: noise
  4500 | D:6      | XOM: harmless Fire miscast
  4505 | D:6      | XOM: harmless Ice miscast
  4509 | D:6      | Banished a white ugly thing
  4509 | D:6      | Reached skill level 10 in Armour
  4509 | D:6      | Reached XP level 9. HP: 43/74 MP: 4/4
  4523 | D:6      | XOM: butterfly on damage
  4579 | D:6      | XOM: summons 4 hostile demons
  4592 | D:6      | XOM: chaos cloud
  4645 | D:6      | XOM: colour smoke trail
  4672 | D:5      | XOM: harmless Air miscast
  4942 | D:6      | Found a sacrificial altar of Ru.
  5029 | D:6      | XOM: swap monsters
  5036 | D:6      | Reached skill level 11 in Armour
  5078 | D:6      | Got an ichor-stained ring mail
  5105 | D:6      | Identified the +2 ring mail of Watchfulness {rF++ Dex-4} (You found it on level 6 of the Dungeon)
  5219 | D:6      | Gained mutation: You are covered in fur (AC +1). [mutagenic meat]
  5220 | D:6      | Gained mutation: You are resistant to hostile enchantments. [mutagenic meat]
  5221 | D:6      | Gained mutation: Your magical capacity is low (-10% MP). [mutagenic meat]
  5489 | D:6      | XOM: swap weapons
  5519 | D:6      | Noticed Sigmund
  5530 | D:6      | Killed Sigmund
  5545 | D:6      | XOM: silly message
  5673 | D:6      | Found a staircase to the Ecumenical Temple.
  5743 | Temple   | Entered the Ecumenical Temple
  5845 | D:7      | Noticed Dowan
  5847 | D:7      | Noticed Duvessa
  5870 | D:7      | Killed Duvessa
  5873 | D:7      | Killed Dowan
  5888 | D:7      | XOM: noise
  5896 | D:7      | Found a shattered altar of Ashenzari.
  6162 | D:7      | Reached skill level 12 in Long Blades
  6243 | D:7      | Noticed a moth of wrath
  6272 | D:7      | XOM: silly message
  6307 | D:7      | XOM: noise
  6310 | D:7      | Found a bloodstained altar of Trog.
  6318 | D:7      | XOM: polymorph worm -> deep dwarf
  6321 | D:7      | XOM: harmless Necr miscast
  6327 | D:7      | XOM: enchant monster (good)
  6331 | D:7      | XOM: confusion (+ monsters)
  6379 | D:7      | XOM: enchant monster (bad)
  6412 | D:7      | XOM: summons 3 hostile demons
  6420 | D:7      | XOM: 1-stop teleportation journey
  6482 | D:7      | XOM: confusion
  6554 | D:7      | XOM: silly message
  6583 | D:7      | Noticed Eustachio
  6602 | D:7      | XOM: chaos cloud
  6604 | D:7      | XOM: 1-stop teleportation journey
  6630 | D:7      | Noticed Eustachio
  6630 | D:7      | Eustachio changed into Eustachio the ogre
  6631 | D:7      | Killed Eustachio the ogre
  6635 | D:7      | XOM: summons 3 hostile demons
  6648 | D:7      | Lost mutation: You are dopey. (Int -2) [mutagenic meat]
  6697 | D:7      | Reached XP level 10. HP: 74/81 MP: 3/3
  6727 | D:8      | XOM: noise
  6744 | D:8      | Reached skill level 13 in Long Blades
  6751 | D:8      | XOM: confusion (+ monsters)
  6761 | D:8      | Cast into the Abyss (Xom)
  6787 | Abyss:1  | Found an ancient bone altar of Kikubaaqudgha.
  6827 | Abyss:1  | Noticed a lorocyproca
  6853 | Abyss:1  | Noticed a bone dragon
  6854 | Abyss:1  | XOM: torment (34/81 hp)
  6855 | Abyss:1  | Noticed a large abomination
  6856 | Abyss:1  | XOM: harmless Chrm miscast
  6857 | Abyss:1  | XOM: chaos cloud
  6872 | Abyss:1  | HP: 4/81 [large abomination (4)]
  6873 | Abyss:1  | XOM: confusion
  6873 | Abyss:1  | Killed from afar by a smoke demon

Action                   |  1- 3 |  4- 6 |  7- 9 | 10-12 || total
-------------------------+-------+-------+-------+-------++-------
Melee: Falchion          |    61 |   228 |   389 |    34 ||   712
       Whip              |       |       |    56 |       ||    56
 Fire: Blowgun           |       |       |    20 |       ||    20
  Use: Scroll            |       |     9 |     5 |     5 ||    19
       Potion            |       |     2 |       |       ||     2
 Stab: Confused          |     2 |       |     1 |       ||     3
       Paralysed         |       |     1 |     8 |       ||     9
       Petrified         |       |     1 |       |       ||     1
       Sleeping          |       |     1 |       |       ||     1
       Petrifying        |       |       |     1 |       ||     1
  Eat: Chunk             |       |    12 |    21 |       ||    33
